[Event "10th Cherry Blossom Classic 2023"]
[Site "Dulles"]
[Date "2023.05.27"]
[Round "4.1"]
[White "Druska, Juraj"]
[Black "Nyzhnyk, Illya"]
[Result "1/2-1/2"]
[ECO "D50"]
[WhiteElo "2496"]
[BlackElo "2644"]
[Annotator "TA"]
[PlyCount "31"]
[EventDate "2023.05.24"]
[EventType "swiss"]
[EventCountry "USA"]
[SourceTitle "playchess.com"]
[Source "ChessBase"]
[SourceQuality "1"]
[TimeControl "5400+30"]

1. d4 Nf6 2. c4 e6 3. Nc3 d5 4. Bg5 Bb4 5. e3 h6 6. Bxf6 {[%emt 0:01:59] D50: Queen's Gambit Declined: Dutch-Peruvian Gambit.} Qxf6 7. Qb3 Bxc3+ 8. bxc3 {[%emt 0:01:14] The position is equal.} dxc4 9. Bxc4 O-O 10. Nf3 b6 11. O-O Nc6 {[%emt 0:08:22] [#]} 12. Bd3 $146 ({Predecessor:} 12. Bb5 Bb7 13. Bxc6 Bxc6 14. Ne5 Bb7 15. a4 a5 16. f3 Qe7 17. e4 Rfd8 18. Rfd1 {0-1 Kukhmazov,A (2506)-Annaberdiev,M (2495) Titled Tuesday intern op 11th Apr Early blitz 2023 (4)}) 12... Bb7 13. Qc2 Rfd8 14. Bh7+ Kh8 {[%emt 0:01:18] [#] Threatens to win with ...g6.} 15. Be4 Rab8 16. Rab1 {[%emt 0:13:43] Weighted Error Value: White=0.02 (flawless) /Black=0.03 (flawless)} 1/2-1/2

[Event "10th Cherry Blossom Classic 2023"]
[Site "Dulles"]
[Date "2023.05.27"]
[Round "4.2"]
[White "Hilby, Craig"]
[Black "Durarbayli, Vasif"]
[Result "1/2-1/2"]
[ECO "C58"]
[WhiteElo "2401"]
[BlackElo "2627"]
[Annotator "TA"]
[PlyCount "82"]
[EventDate "2023.05.24"]
[EventType "swiss"]
[EventCountry "USA"]
[SourceTitle "playchess.com"]
[Source "ChessBase"]
[SourceQuality "1"]
[TimeControl "5400+30"]

1. e4 e5 2. Nf3 Nc6 3. Bc4 Nf6 4. Ng5 d5 5. exd5 Na5 6. Bb5+ c6 7. dxc6 bxc6 8. Bd3 (8. Qf3 {with more complications.} Be7 9. Bd3 O-O 10. Nc3) 8... Nd5 {[%emt 0:01:49] Prevents Nc3. C58: Two Knights: 4 Ng5 d5 5 exd5 Na5 sidelines.} 9. Nf3 (9. Qh5 g6 10. Nxf7 gxh5 $17) 9... Bd6 10. Nc3 O-O 11. Be2 f5 12. d3 Qc7 {[%emt 0:00:26] [#]} 13. Bd2 $146 ({Predecessor:} 13. Nd2 Nf4 14. O-O Nxe2+ 15. Qxe2 Ba6 16. Qh5 c5 17. b3 Nc6 18. Nc4 Nd4 19. Be3 Nxc2 {½-½ Ivanov,O (2441)-Triapishko,A (2510) Moscow op-A 16th 2020 (4)}) 13... Rb8 14. b3 Nf6 15. g3 c5 16. O-O Nc6 17. Bg5 Qd7 18. Re1 Ne8 (18... Nd4 $11) 19. Bd2 Bb7 20. Bf1 (20. Nb5 $14) 20... Nc7 (20... Nd4 $11 21. Bg2 (21. Nxe5 $2 Bxe5 22. Bg2 Bxg2 $19) 21... Nf6) 21. Bg2 $14 Rbe8 22. Na4 Ne6 23. c4 ({White should play} 23. c3 $1 $14) 23... Ncd4 24. Nc3 Nxf3+ 25. Bxf3 Nd4 26. Nd5 e4 27. Bg2 (27. dxe4 $11 Nxf3+ 28. Qxf3) 27... Bxd5 $1 $15 28. cxd5 exd3 29. Rxe8 ({Better is} 29. Be3 $1 $15 Nc2 30. Qxd3 Nxa1 31. Rxa1) 29... Rxe8 $17 30. Kh1 {[%emt 0:00:34] [#]} (30. Bf1 $17) 30... f4 $1 $19 31. Bc3 (31. Bxf4 $142 Bxf4 32. Qxd3) 31... Ne2 32. Bb2 {[%emt 0:01:33] White is weak on the dark squares} Qf5 {[%emt 0:02:26][%cal Rf4g3] Threatens to win with ...fxg3.} 33. g4 {[%emt 0:00:43] [#]} Qxg4 (33... Qg6 $1 $19 {( -> ...f3)} 34. Bf3 Be5 35. Bxe5 Rxe5) 34. Qxd3 $11 {[%emt 0:00:03] The position is equal.} Qh4 (34... Re3 $5 35. Qc4 $8 (35. fxe3 $2 f3 $19) 35... Qh5 36. fxe3 f3 $11) 35. Qh3 $132 {[%emt 0:00:36][%mdl 2048] White has counterplay} Qxf2 {[%emt 0:06:59][%cal Oe2g3] Strongly threatening ...Ng3+!} 36. Qd7 {[%emt 0:00:07][%csl Gb2,LRa7,LRd6,LRe8,LRg7][%cal Rd7g7] Chess con chili.} Ng3+ {[%emt 0:00:33][%mdl 64] Discovered Attack} 37. hxg3 Re1+ 38. Rxe1 Qxe1+ 39. Kh2 Qxg3+ 40. Kg1 {[%emt 0:00:42] Black must now prevent Qe6+.} Qe3+ 41. Kh1 (41. Kf1 $5 Qd3+ $8 42. Kf2 (42. Kg1 Qe3+ 43. Kh2 Qg3+ 44. Kh1 Qe1+ 45. Kh2 Qg3+ $11) 42... Qd2+ 43. Kg1 Qe3+ 44. Kh2 (44. Kf1 Qd3+ 45. Kg1 Qe3+ $11) 44... Qg3+ 45. Kh1 (45. Kg1 Qe3+ $11) 45... Qe1+ 46. Kh2 Qg3+ $11) 41... Qe1+ {[%emt 0:00:15] An exciting game.   Weighted Error Value: White=0.24 (precise) /Black=0.22 (precise)} 1/2-1/2

[Event "10th Cherry Blossom Classic 2023"]
[Site "Dulles"]
[Date "2023.05.27"]
[Round "4.3"]
[White "Park, Evan"]
[Black "Antipov, Mikhail Al."]
[Result "0-1"]
[ECO "B41"]
[WhiteElo "2380"]
[BlackElo "2588"]
[Annotator "TA"]
[PlyCount "70"]
[EventDate "2023.05.24"]
[EventType "swiss"]
[EventCountry "USA"]
[SourceTitle "playchess.com"]
[Source "ChessBase"]
[SourceQuality "1"]
[TimeControl "5400+30"]

1. e4 c5 2. Nf3 e6 3. d4 cxd4 4. Nxd4 a6 5. c4 Nf6 6. Nc3 Qc7 7. a3 b6 8. Be3 Bb7 {[%emt 0:00:06] B41: Sicilian: Kan Variation: 5 c4.} 9. f3 Nc6 10. Be2 Ne5 {[%emt 0:00:08] White is slightly better.} 11. Rc1 Ng6 12. Qd2 h5 13. b4 h4 {[%emt 0:02:16] [#]} 14. Na4 $146 ({Predecessor:} 14. Nb3 Bd6 15. Bxb6 Qxb6 16. c5 Bg3+ 17. hxg3 Qc7 18. Qd6 Qxd6 19. cxd6 hxg3 20. Rxh8+ Nxh8 {1-0 Heimann,A (2546)-Fedorchuk,S (2635) Wch Blitz 9th 2015 (21)}) 14... Bd6 {[%emt 0:02:53] [#]} 15. Nxb6 $1 Rd8 $1 $14 (15... Qxb6 16. c5 Qc7 17. cxd6 Qxd6 18. O-O $16) 16. c5 Bxh2 17. Nc4 Bg3+ (17... Qg3+ 18. Kd1 O-O 19. Nd6 $16) (17... O-O $1 $11 {remains equal.}) 18. Kd1 O-O 19. Kc2 (19. Nb3 $16) 19... d5 20. cxd6 (20. exd5 Nxd5 21. Kb1 Nxe3 22. Qxe3 Bf4 $17) 20... Bxd6 {[%emt 0:07:53] Strongly threatening ...Bf4.} 21. Kb1 {[%emt 0:01:23] Na5 is the strong threat.} (21. Kb3 {with more complications.} Bf4 22. Na5 Qb6 23. Nxb7 Bxe3 24. Qxe3 Rxd4 25. Qc3) 21... Bf4 $1 {[%emt 0:02:16] Hoping for ...e5.} 22. Qc3 (22. Na5 $5 Qb6 23. Nxb7 (23. Bxf4 Rxd4 24. Qe3 Nxf4 $17) 23... Bxe3 24. Qxe3 Qxb7 25. Nb3 $14) 22... Bxe3 (22... Nxe4 {keeps more tension.} 23. fxe4 Bxe4+ 24. Ka2 Bxg2 25. Rhg1 h3) 23. Qxe3 Qg3 24. Bf1 {[%emt 0:08:56] [#]} (24. Rhd1 $11) 24... Ng4 $1 {[%emt 0:02:37][%mdl 512] Black is more active.} 25. Qg1 $1 $15 N4e5 (25... Rxd4 $5 26. Qxd4 Nf2 $11) 26. Na5 {[%emt 0:02:03][%mdl 64] Deflection} Ba8 (26... Bxe4+ 27. fxe4 Qxa3 28. Nc2 $16 (28. Bxa6 $2 Qxb4+ 29. Ndb3 Ra8 $19)) 27. Bxa6 (27. Nab3 $1 $11) 27... Nf4 {[%emt 0:00:13] White must now prevent ...h3.} 28. Ne2 $2 {[%emt 0:02:10] White does not recover from this.} (28. Nab3 $17 {was worth a try.}) 28... Bxe4+ $1 $19 29. fxe4 $2 (29. Ka1 Nxe2 30. Bxe2) 29... Qxa3 {[%emt 0:00:46][%cal Od8d2] ( -> ...Rd2!)} (29... Qxg2 30. Qxg2 (30. Nxf4 Qxe4+ 31. Rc2 Qxf4 $18) 30... Nxg2 31. Rh2 $18) 30. Qc5 {[%emt 0:02:01] [#]} Rb8 $1 31. Qxe5 (31. b5 Qxa5) 31... Qxb4+ 32. Kc2 {[%emt 0:00:11] [#]} Rfd8 $1 33. Rcd1 {[%emt 0:03:23] Dodges Rd2+} (33. Qxb8 Qd2+) 33... Qa4+ {[%emt 0:00:35][%mdl 64] Skewer. Black mates.} ({Weaker is} 33... Nxg2 34. Rxd8+ Rxd8 35. Qc3 Qxe4+ 36. Kc1 $14 (36. Kb2 Ne3 $15)) 34. Kc3 Qa3+ (34... Qxd1 $2 35. Rxd1 Ng6 36. Rxd8+ Rxd8 37. Qc7 $18) ({Inferior is} 34... Rbc8+ 35. Bxc8 Nxe2+ 36. Kb2 Rxd1 37. Rxd1 Qxd1 38. Nb3 $11) 35. Kc2 Qa2+ {[%emt 0:00:05][%mdl 64] Skewer. A superb game by Antipov.   Weighted Error Value: White=0.95/Black=0.10 (very precise)} 0-1

[Event "10th Cherry Blossom Classic 2023"]
[Site "Dulles"]
[Date "2023.05.27"]
[Round "4.4"]
[White "Burke, John M"]
[Black "Bora, Safal"]
[Result "1/2-1/2"]
[ECO "C55"]
[WhiteElo "2583"]
[BlackElo "2462"]
[Annotator "TA"]
[PlyCount "129"]
[EventDate "2023.05.24"]
[EventType "swiss"]
[EventCountry "USA"]
[SourceTitle "playchess.com"]
[Source "ChessBase"]
[SourceQuality "1"]
[TimeControl "5400+30"]

1. e4 e5 2. Nf3 Nc6 3. Bc4 Nf6 4. d3 h6 5. c3 g5 6. h3 {[%emt 0:07:00] C55: Two Knights: 4 d3, 4 d4 exd4 5 e5 and Max Lange Attack.} Bg7 (6... d5 7. exd5 Nxd5 8. Qb3 $16) 7. Nbd2 d5 8. Bb3 Be6 {[%emt 0:01:37] [#]} 9. Qe2 $146 ({Predecessor:} 9. O-O Qd7 10. Ba4 Qd6 11. exd5 Bxd5 12. Nxe5 O-O-O 13. Ndc4 Bxc4 14. Nxc4 Qxd3 15. Qxd3 Rxd3 16. Bxc6 bxc6 {0-1 Mickiewicz,P (2272)-Weisz,B (1962) Titled Tuesday intern op 25th Oct Late blitz 2022 (7)}) 9... a6 10. Nf1 (10. O-O $5 ) 10... Qd6 11. Ng3 O-O-O 12. Be3 Na5 (12... Kb8 $15) 13. Bc2 dxe4 14. dxe4 Bc4 15. Qd1 (15. Nf5 $2 Qf8 $19) 15... Qe6 (15... Qxd1+ {simplifies} 16. Bxd1 Be6 17. Nd2 b6) 16. Nd2 Rhe8 (16... Bb5 $14) 17. Qf3 (17. Nf5 $6 Bf8 $11) (17. Qb1 $16) 17... Bd3 $14 (17... Bxa2 $2 18. Qf5 Rxd2 19. Bxd2 $16) 18. Bxd3 Rxd3 19. Qf5 Nc6 20. Ke2 (20. Qxe6+ {simplifies} fxe6 21. h4 g4 22. Ke2) 20... Rd7 21. Qxe6 fxe6 22. h4 g4 23. Nc4 b5 24. Nd2 Nd4+ 25. cxd4 $16 exd4 26. e5 Nd5 27. Bxd4 Nf4+ {[%emt 0:00:31][%mdl 64] Discovered Attack, Double Attack} 28. Ke3 Nxg2+ 29. Ke4 $1 ({Avoid the trap} 29. Kd3 $2 Bxe5 30. Ne2 Rf8 $19) 29... Rf8 30. Be3 {[%emt 0:13:57] Against Rf4+} ({White should try} 30. Ne2 $1 $14 c5 31. Nb3 (31. Bxc5 $2 Rxd2 32. Rhe1 Rf5 $19) 31... cxd4 32. Rac1+ Kd8 33. Nbxd4 Rxf2 34. Rhf1 Rxf1 35. Rxf1 Nxh4 36. Nxe6+ Ke8 37. Rh1) 30... Nxe3 (30... c5 $5 31. Ne2 Nxe3 32. Kxe3 Bxe5 $15) 31. Kxe3 {[%emt 0:00:04] f4 is the strong threat.} Bxe5 32. Nge4 Bxb2 33. Rab1 Bd4+ {[%emt 0:00:28][%mdl 1024] Black has compensation.} 34. Ke2 c5 (34... Rd5 $11 {keeps the balance.}) 35. Rhc1 (35. a4 $1 $16) 35... c4 $11 36. a4 Rf5 (36... bxa4 $2 37. Rxc4+ Kd8 38. Rxa4 $18) 37. axb5 axb5 38. Rb4 {[%emt 0:01:22][%cal Od2c4] Hoping for Nxc4!} Kd8 39. Rcb1 ({Better is} 39. Nf1 $15) 39... Rdd5 40. Nxc4 bxc4 41. Rxc4 Rd7 {[%emt 0:04:00] White must now prevent ...Rf4.} 42. Rb8+ Ke7 {[%emt 0:02:12] Threatens to win with ...Rf4.} 43. Rcc8 $1 Re5 44. f3 gxf3+ $1 45. Kxf3 Rf5+ 46. Ke2 Bg7 47. Re8+ Kf7 48. Red8 {[%emt 0:00:37] Prevents Re5.} Rxd8 49. Rxd8 $17 {[%emt 0:00:03][%mdl 4096] Endgame KRB-KRN} Rf4 50. Rd7+ {[%emt 0:01:27] [#]} Kg8 (50... Ke8 $1 $17 51. Rxg7 Rxe4+ 52. Kd3 Rxh4) 51. Nc5 (51. Rd8+ $11 Kh7 52. Ke3 Rxh4 53. Rd6) 51... Rxh4 52. Kf3 (52. Ke3 $17 {keeps fighting.}) 52... e5 $19 53. Ne4 {[%emt 0:00:48] [#]} (53. Re7 $142) 53... Rf4+ $1 54. Ke3 Kh7 $2 (54... h5 $19 {And now ...Bh6 would win.} 55. Nf2 h4) 55. Ng3 $11 {[%emt 0:00:21] The position is equal.} Rg4 56. Nf5 h5 57. Re7 Kg6 58. Nxg7 {[%emt 0:00:19] KRN-KR} (58. Rxg7+ $2 {too greedy.} Kxf5 59. Rf7+ Kg6 $19) 58... Kf6 {[%emt 0:00:17][%csl LRe7,LRg7][%mdl 64] Deflection} 59. Re6+ Kxg7 60. Rxe5 {[%emt 0:00:02] KR-KR} Kh6 61. Kf3 Rg6 62. Re2 h4 63. Rg2 Rxg2 64. Kxg2 h3+ 65. Kxh3 {[%emt 0:00:02] Weighted Error Value: White=0.17 (very precise) /Black=0.16 (very precise)} 1/2-1/2

[Event "10th Cherry Blossom Classic 2023"]
[Site "Dulles"]
[Date "2023.05.27"]
[Round "4.5"]
[White "Tanenbaum, Zachary"]
[Black "Kantor, Gergely"]
[Result "0-1"]
[ECO "C54"]
[WhiteElo "2261"]
[BlackElo "2535"]
[Annotator "TA"]
[PlyCount "80"]
[EventDate "2023.05.24"]
[EventType "swiss"]
[EventCountry "USA"]
[SourceTitle "playchess.com"]
[Source "ChessBase"]
[SourceQuality "1"]
[TimeControl "5400+30"]

1. e4 e5 2. Nf3 Nc6 3. Bc4 Nf6 4. d3 Bc5 5. c3 O-O 6. Nbd2 a5 $1 {[%emt 0:00:23][%mdl 4] is now more promising than 6...d6. C54: Giuoco Piano: 4 c3 Nf6, main lines with 5 d4 and 5 d3.} 7. a4 Ba7 8. Nf1 d5 {[%emt 0:00:34] The position is equal.} 9. exd5 Nxd5 10. Ng3 Kh8 (10... Nf4 $11) 11. O-O {[%emt 0:00:25] [#]} (11. Qb3 $1 $14 Nb6 12. Bxf7) 11... f5 $146 ({Predecessor:} 11... f6 12. Re1 Rb8 13. d4 exd4 14. Nxd4 Ne5 15. Ba2 c6 16. h3 Bd7 17. Bxd5 cxd5 {½-½ Alonso Garcia,A (2376)-Krysa,L (2532) ESP-chT CECLUB Div2 2021 (2.3)}) 12. Re1 f4 13. Ne4 Bg4 14. Neg5 (14. b3 {simplifies} h6 15. Ba3 Re8 16. Rc1) 14... h6 15. Qb3 $2 (15. h3 $14) 15... hxg5 (15... Ndb4 $142 16. Ne4 (16. cxb4 hxg5 17. b5 Bxf3 $17) 16... Nxd3 17. Bxd3 Qxd3 18. Qxb7 Qd7) 16. Bxd5 $17 Bxf3 17. Bxf3 {[%emt 0:00:21] [#]} g4 $1 18. Bxc6 {[%emt 0:05:31] [#] Loses the game.} (18. Bxg4 $2 Qh4 19. Kh1 Qxg4 $19) (18. Qxb7 $17 {only move.} Qh4 19. d4 Nxd4 20. cxd4 Bxd4 21. Rf1) 18... g3 $1 $19 (18... bxc6 19. Qc4 Rf5 20. d4 $17 (20. Qxc6 g3 $17)) 19. d4 (19. Bxb7 $2 Qh4 20. Kf1 (20. Rxe5 $2 Bxf2+ 21. Kf1 gxh2 $19) 20... gxh2 $19) (19. hxg3 $2 fxg3 20. Re3 gxf2+ 21. Kf1 Bxe3 $19) 19... gxf2+ (19... bxc6 20. hxg3 fxg3 21. fxg3 exd4 22. Re5 $11) 20. Kxf2 Qh4+ $40 {[%emt 0:01:55][%mdl 128] Black goes for the king.} (20... bxc6 21. Qd1 exd4 22. cxd4 $17 (22. Qh5+ $2 Kg8 $19)) 21. Kf1 bxc6 22. Qe6 (22. Rxe5 $2 f3 23. Be3 Qxh2 24. gxf3 Rxf3+ 25. Ke1 Raf8 $19) 22... Rae8 (22... exd4 $2 23. Qh3 Qxh3 24. gxh3 $19) (22... Qxh2 23. Rxe5 (23. Qxe5 $2 c5 $19) 23... Qh1+ 24. Ke2 Qxg2+ 25. Kd3 Qf3+ 26. Kc2 $17) 23. Qh3 Qxh3 24. gxh3 e4 ({And not} 24... exd4 25. Rxe8 Rxe8 26. cxd4 $15) 25. b3 (25. Rb1 $142) 25... e3 26. Ra2 Rf5 {[%emt 0:01:56] Threatens to win with ...c5.} 27. Ke2 $2 (27. Rf2 {was the only chance.} g6 28. Rf3) 27... f3+ {[%emt 0:01:03] Black is clearly winning.} 28. Kd3 e2 {[%emt 0:01:01] Hoping for ...f2.} 29. Be3 f2 30. Bxf2 Rf3+ ({Weaker is} 30... Rxf2 31. Rexe2 Rfxe2 32. Rxe2 Rxe2 33. Kxe2 $19) 31. Kc4 Rxf2 32. Rg1 (32. Kd3 $142 Rf3+ 33. Kc4) 32... Rxh2 ({Inferior is} 32... e1=R 33. Rxe1 Rxe1 34. Rxf2 $17) 33. Re1 Re3 34. Rc2 Bb6 35. b4 Kh7 36. b5 cxb5+ 37. axb5 a4 38. Kb4 a3 39. Kxa3 Bxd4 40. Kb4 Be5 {[%emt 0:00:31] Weighted Error Value: White=0.68/Black=0.11 (very precise)} 0-1

[Event "10th Cherry Blossom Classic 2023"]
[Site "Dulles"]
[Date "2023.05.27"]
[Round "4.6"]
[White "Brady, Tyson"]
[Black "Khanin, Semen"]
[Result "0-1"]
[ECO "C68"]
[WhiteElo "2092"]
[BlackElo "2566"]
[Annotator "TA"]
[PlyCount "72"]
[EventDate "2023.05.24"]
[EventType "swiss"]
[EventCountry "USA"]
[SourceTitle "playchess.com"]
[Source "ChessBase"]
[SourceQuality "1"]
[TimeControl "5400+30"]

1. e4 e5 2. Nf3 Nc6 3. Bb5 a6 4. Bxc6 dxc6 5. O-O Bg4 6. h3 h5 7. d3 Qf6 8. Nbd2 {[%emt 0:00:01] [#]} g5 $1 9. Nc4 {[%emt 0:00:17][%cal Oc4e5] C68: Ruy Lopez: Exchange Variation, sidelines.} (9. b3 Bxf3) 9... Bxf3 10. Qxf3 Qxf3 11. gxf3 {[%emt 0:00:02] The position is equal.} f6 12. Be3 Ne7 13. h4 {[%emt 0:02:16][%mdl 64] [#] Deflection} gxh4 14. f4 b5 {[%emt 0:05:18] Threatens to win with ...exf4.} 15. Nd2 {[%emt 0:03:55] [#]} exf4 $146 ({Predecessor:} 15... Rg8+ 16. Kh2 exf4 17. Bxf4 Ng6 18. Be3 Bd6+ 19. Kh3 Ne5 20. Rg1 Kd7 21. a4 Ng4 {½-½ Fernandez,J (2298)-Sarakenidis,N (2360) WC-2017-S-00007}) 16. Bxf4 Kd7 17. a4 Ng6 18. Be3 Bd6 19. f4 Rhg8 20. Kh1 Ne7 21. axb5 cxb5 22. Rg1 (22. Bd4 $15) 22... Rg4 $17 23. c4 c6 ({Don't do} 23... Bxf4 24. Rxg4 Bxe3 25. Rg2 $16) 24. cxb5 (24. f5 $17) 24... cxb5 $19 25. Nf3 Bxf4 ({Better is} 25... Ng6 $17 26. Nd4 Bxf4) 26. Rxg4 {[%emt 0:00:00] This costs White the game.} ({White has to play} 26. Bxf4 $15 Rxf4 27. Nd4) 26... hxg4 27. Bxf4 {[%emt 0:00:00] aiming for Nh2.} gxf3 $17 {[%emt 0:00:17][%mdl 4096] Endgame KRB-KRN} 28. Kg1 $2 (28. Rf1 {keeps fighting.}) 28... Ng6 $19 29. Bh2 Rc8 {[%emt 0:03:16] ...Rc2 is the strong threat.} ({Not} 29... Ne5 $2 30. Bxe5 fxe5 31. b4 $19) 30. Rxa6 $2 (30. Rf1 {is a better chance.}) 30... Rc1+ {[%emt 0:01:06] Black is clearly winning.} 31. Kf2 Rc2+ 32. Kg1 Rg2+ ({And not} 32... Rxb2 33. Rxf6 Rg2+ 34. Kh1 $15) 33. Kh1 Ne5 {[%emt 0:01:15] ( -> ...Ng4)} 34. Bxe5 fxe5 35. Rf6 Rxb2 {[%emt 0:00:06] And now ...b4 would win.} 36. Rxf3 b4 {[%emt 0:01:23] Weighted Error Value: White=0.81/Black=0.12 (very precise)} 0-1

[Event "10th Cherry Blossom Classic 2023"]
[Site "Dulles"]
[Date "2023.05.27"]
[Round "4.7"]
[White "Matviishen, Viktor"]
[Black "Sinha, Sahil"]
[Result "1-0"]
[ECO "D30"]
[WhiteElo "2538"]
[BlackElo "2317"]
[Annotator "TA"]
[PlyCount "87"]
[EventDate "2023.05.24"]
[EventType "swiss"]
[EventCountry "USA"]
[SourceTitle "playchess.com"]
[Source "ChessBase"]
[SourceQuality "1"]
[TimeControl "5400+30"]

1. d4 Nf6 2. c4 e6 3. Nf3 d5 4. e3 Nbd7 5. b3 Bb4+ 6. Nbd2 {[%emt 0:00:16] D30: Queen's Gambit Declined: Systems without Nc3.} O-O {[%emt 0:01:19] [#]} 7. Bd3 $146 ({Predecessor:} 7. Bb2 b6 8. Bd3 Bb7 9. O-O Re8 10. Qc2 Bd6 11. e4 dxe4 12. Nxe4 Bxe4 13. Bxe4 Nxe4 14. Qxe4 Nf6 15. Qc2 a5 16. Rad1 a4 17. Rfe1 axb3 18. axb3 {½-½ Gasanov,E (2481)-Dubov,D (2699) Titled Tuesday intern op 28th Apr blitz 2020 (6)}) 7... c5 8. O-O {[%emt 0:01:26] The position is equal.} b6 9. cxd5 Nxd5 10. Bb2 cxd4 11. Nxd4 Bb7 {[%emt 0:00:30] Against Nc6} (11... Ne5 {feels hotter.} 12. Be4 Ba6 13. Qh5 Ng6) 12. Rc1 (12. Qh5 N7f6 13. Qe2 Nc3 14. Bxc3 Bxc3 $17) 12... N7f6 13. Nc4 Rc8 14. Qf3 (14. a3 $5 Bc5 15. Qf3 $14) 14... Bc5 15. Qg3 Qe7 16. a3 a5 17. Bb1 Rfd8 18. Rfd1 Nh5 19. Qe5 Nhf6 20. Rc2 $40 {[%emt 0:11:30][%mdl 128] White has some attack.} Nd7 21. Qg3 {[%emt 0:00:29][%cal Od4f5] Strongly threatening Nf5!} N5f6 22. Rcd2 Bd5 (22... Ba6 $11) 23. Nf5 $1 $14 {[%emt 0:02:32][%csl Gf5][%cal Rg3g7][%mdl 64] Double Attack} Qf8 {[%emt 0:04:49] [#]} (23... exf5 $14 24. Rxd5 f4 25. exf4 (25. Qxf4 Nxd5 26. Rxd5 Nf6 $19) 25... Nf8) 24. Rxd5 exd5 25. Rxd5 {[%emt 0:00:43][%cal Of5g7] Threatens to win with Nxg7!} b5 $2 {[%emt 0:07:53][%mdl 8192] [#]} (25... Nxd5 26. Bxg7 (26. Qxg7+ $2 Qxg7 27. Nxg7 b5 $19) (26. Qxg7+ $2 Qxg7 27. Nxg7 b5 $19)) (25... g6 $14 26. Rd1 Ne8) 26. Ncd6 $2 ({White has to play} 26. Nxg7 $1 $18 {Intending Ne6+ and mate.} Qxg7 27. Rg5 (27. Nxa5 $2 Qxg3 28. hxg3 Nxd5 $19)) 26... Bxd6 $1 $11 27. Rxd6 {[%emt 0:00:01] Black must now prevent h3.} Nb6 $2 28. Kf1 {[%emt 0:06:38] Dancing on a razor blade. White has more active pieces.} (28. Bxf6 $2 Rc1+) (28. Bd3 $16 {[%cal Od6d8] And now Rxd8! would win.} Rxd6 29. Nxd6) 28... Rxd6 $14 29. Nxd6 Rd8 {[%emt 0:00:09] White now steadily converts the win.} ({Black should play} 29... Qd8 $1 $14 30. Ke2 Rc6 31. Nxb5 Nbd7) 30. Bxf6 $18 {[%emt 0:00:38] Nf5 is the strong threat. A strong pair of Bishops.} (30. Nxb5 $2 {loses.} Rd1+ 31. Ke2 Rxb1 $17) (30. Be5 g6 31. Bxf6 Rxd6 $11) 30... Nc8 $2 (30... Rxd6 31. Bxg7 {[%mdl 64] Deflection} Qxg7 32. Qxd6 Qc3 33. Qd8+ Kg7 34. Qg5+ Kf8 35. Qh6+ (35. Qxb5 Qc1+ 36. Ke2 Qxb1 $11) 35... Ke7 36. Qxb6 Qc1+ 37. Ke2 Qxb1 38. Qc5+ Kf6 39. Qxb5 Qb2+ 40. Kf3 Qxa3) 31. Nf5 ({Inferior is} 31. Nxb5 Rd1+ 32. Ke2 Rxb1 $11) 31... g6 32. Bxd8 Qxd8 33. Nd4 Nd6 34. Qe5 a4 35. bxa4 bxa4 36. Bc2 Qc7 37. Ke2 Qb6 38. Qd5 Qa6+ 39. Bd3 Qb6 40. Nb5 Nb7 41. Bc4 Nd8 42. Qd6 Qa5 43. Qc7 Qa8 44. Nd6 {[%emt 0:00:04] Magnificent play by Matviishen!   Weighted Error Value: White=0.40/Black=0.44} 1-0